 Dungeon Crawl Stone Soup version 0.25-a0-353-ged6d54792d (webtiles) character file.

Game seed: 5168533249576631011, levelgen mode: deterministic

75 BritishOli the Slasher (level 4, -2/35 HPs)
             Began as a Demonspawn Gladiator on Jan 2, 2020.
             Slain by Sigmund
             ... wielding a +0 scythe of flaming
              (4 damage)
             ... on level 2 of the Dungeon.
             The game lasted 00:01:54 (1470 turns).

BritishOli the Slasher (Demonspawn Gladiator)       Turns: 1470, Time: 00:01:55

Health: -2/35      AC:  6    Str: 15    XL:     4   Next: 11%
Magic:  0/4        EV: 13    Int:  9    God:
Gold:   125        SH:  0    Dex: 15    Spells: 3/3 levels left

rFire    + . .     SeeInvis .   a - +0 long sword
rCold    + . .     Gourm    .   (no shield)
rNeg     . . .     Faith    .   b - +0 leather armour
rPois    .         Spirit   +   c - +0 helmet
rElec    .         Reflect  .   n - scarf {rC+ rF+}
rCorr    .         Harm     .   (no gloves)
MR       .....                  (no boots)
Stlth    +.........             (no amulet)
HPRegen  0.11/turn              (no ring)
MPRegen  0.18/turn              (no ring)

@: no status effects
A: molten scales 1, magic shield, magic regeneration
a: no special abilities


You were on level 2 of the Dungeon.
You were not hungry.

You visited 1 branch of the dungeon, and saw 2 of its levels.

You collected 125 gold pieces.

Inventory:

Hand Weapons
 a - a +0 long sword (weapon)
Missiles
 d - a throwing net (quivered)
 v - 7 boomerangs of dispersal
Armour
 b - a +0 leather armour (worn)
 c - a +0 helmet (worn)
 n - a scarf of resistance (worn)
Jewellery
 q - a cursed amulet of inaccuracy {unknown}
Scrolls
 e - a scroll of enchant weapon {unknown}
 h - 3 scrolls of identify {unknown}
 i - 3 scrolls of immolation {unknown}
 k - a scroll of random uselessness {unknown}
 l - a scroll of fear {unknown}
 m - 5 scrolls of remove curse {unknown}
 p - a scroll of teleportation {unknown}
 u - a scroll of amnesia {unknown}
 x - a scroll of fog {unknown}
Potions
 g - a potion of berserk rage {unknown}
 j - a potion of mutation {unknown}
 o - a potion of haste {unknown}
 s - 2 potions of lignification {unknown}
 t - a potion of degeneration {unknown}
 w - a potion of heal wounds {unknown}
Comestibles
 f - a ration


   Skills:
 + Level 3.0 Fighting
 + Level 3.3 Long Blades
 - Level 2.0 Throwing
 + Level 3.3 Dodging


You had 3 spell levels left.
You didn't know any spells.
Your spell library was empty.

Dungeon Overview and Level Annotations

Branches:
Dungeon (2/15)

Altars:

Annotations:
D:2 Sigmund


Innate Abilities, Weirdness & Mutations

You are partially covered in molten scales. (AC +2)
When hurt, damage is shared between your health and your magic reserves.
You regenerate magic rapidly.


Message History

Your Fighting skill increases to level 3!
You have reached level 4!
You feel agile.
Your demonic ancestry asserts itself...
You feel your magic shroud grow more resilient.
Something hits you. Something hits you.
You hit something but do no damage. You miss something. Something hits you!
* * * LOW HITPOINT WARNING * * *
You barely miss something. Something hits you.
* * * LOW HITPOINT WARNING * * *
You hit something.
You hear some strange, mumbled words.
A puff of flame appears from out of thin air!
The puff of flame hits you. You resist.
* * * LOW HITPOINT WARNING * * *
Throwing (i - inventory. (/) - cycle)
d - 2 throwing nets (quivered)
Press: ? - help, Shift-Dir - straight line You throw a throwing net.
Something hits you.
You die...

#######'# (. #.# ...
###### #.# ...! #....#
#.# ....#######....#
#####'# .........##....#
#......
.........##....###......
......{..++....'.'......
.......@.##....###......
.........##....# #......
.........##....# #......
.........##....###......
###.......'....'.+......
#.#######....###......
#. #....# #...... #
#....# #...... ######
#......


There were no monsters in sight!

Vanquished Creatures
  4 adders (D:2)
  An ooze (D:2)
  A worm (D:2)
  A dart slug (D:1)
  A giant cockroach (D:1)
  3 goblins
  3 hobgoblins (D:1)
  10 kobolds
  A ball python (D:1)
  3 bats
  2 frilled lizards (D:1)
  6 rats
36 creatures vanquished.

Notes
Turn   | Place    | Note
-------+----------+-------------------------------------------
     0 | D:1      | BritishOli the Demonspawn Gladiator began the quest for the
                  | Orb.
     0 | D:1      | Reached XP level 1. HP: 16/16 MP: 1/1
   295 | D:1      | Gained mutation: When hurt, damage is shared between your
                  | health and your magic reserves. [demonic ancestry]
   295 | D:1      | Reached XP level 2. HP: 12/22 MP: 2/2
  1012 | D:2      | Gained mutation: You are partially covered in molten
                  | scales. (AC +2) [demonic ancestry]
  1012 | D:2      | Reached XP level 3. HP: 28/28 MP: 3/3
  1446 | D:2      | Noticed Sigmund
  1464 | D:2      | Gained mutation: You regenerate magic rapidly. [demonic
                  | ancestry]
  1464 | D:2      | Reached XP level 4. HP: 20/35 MP: 2/4
  1470 | D:2      | Slain by Sigmund

Levels and vault maps discovered:
D:1:      lightli_arrival_lavapool, layout_basic
D:2:      layout_basic, cheibrodos_gnoll_hut, uniq_sigmund

Skill      XL: |  1  2  3 |
---------------+----------+-----
Throwing       | 2 |  2.0
Long Blades    | 3 |  3.3
Dodging        | 3 |  3.3
Fighting       | 3 |  3.0

Action                   |  1- 3 |  4- 6 || total
-------------------------+-------+-------++-------
Melee: Long sword        |    94 |     4 ||    98
Throw: Throwing net      |     1 |     1 ||     2
  Eat: Chunk             |     2 |       ||     2
Armor: Leather armour    |    36 |       ||    36
Dodge: Dodged            |    73 |       ||    73
       Rpst.: Long sword |    11 |       ||    11

Table legend:
 A = Non-vault XP
 B = Vault XP
 C = Vault XP percentage of total XP
 D = Non-vault monster count
 E = Vault monster count
 F = Vault count percentage of total count
                 A         B        C        D         E       F
            +---------+---------+-------+---------+---------+-------
      Total |     108 |       0 |   0.0 |      36 |       0 |   0.0
            +---------+---------+-------+---------+---------+-------
        D:1 |      28 |       0 |   0.0 |      19 |       0 |   0.0
        D:2 |      80 |       0 |   0.0 |      17 |       0 |   0.0
            +---------+---------+-------+---------+---------+-------
